AoeStats
← Gregory176144

Arabia

510038213Analyzed
1v1 RM · 3d ago on Sep 29, 2026· 32m 22s· 2 players
Game mode
Random Map
Map size
Tiny (2 player)
Population
200
Speed
Normal
Resources
Standard
Victory
Conquest
Starting age
Dark Age
Ending age
Imperial Age
RankedLock teamsTeams togetherTeam positionsShared explorationLock speedFull tech treeHidden civsTurbo modeCheats
Victory
Defeat
🇦🇷 Sicilians · Argentina
1171
+33
🇨🇱 Bengalis · Chile
1146
-15
chirlito
5:29 Loom
10:19 Feudal Age
11:01 Double-Bit Axe
13:54 Horse Collar
16:39 Fletching
21:53 Castle Age
20:56 Padded Archer Armor
20:53 Gold Mining
22:34 Crossbowman
23:48 Bow Saw
23:40 Heavy Plow
24:02 Town Watch
24:43 Bodkin Arrow
29:59 Wheelbarrow
30:18 Leather Archer Armor
31:31 Gold Shaft Mining
Gregory176144
8:29 Feudal Age
8:57 Double-Bit Axe
9:43 Horse Collar
14:34 Wheelbarrow
17:24 Castle Age
17:31 Loom
18:15 Bow Saw
24:43 Town Watch
29:14 Fletching
29:58 Gold Mining
31:04 Hand Cart
30:57 Bodkin Arrow
31:40 Gold Shaft Mining
34:10 Imperial Age
Connection lost

Rejoining the realm…

Still unreachable

The connection could not be restored.

Session expired

The server has moved on; the page needs a fresh start.